 Dungeon Crawl Stone Soup version 0.29.1 (console) character file.

Game seed: 8322746063239165140

49 shmup the Firebug (level 3, -1/26 HPs)
             Began as a Draconian Fire Elementalist on Sept 13, 2022.
             Slain by a gnoll
             ... wielding a +0 whip
              (5 damage)
             ... on level 1 of the Dungeon.
             The game lasted 00:07:18 (2104 turns).

shmup the Firebug (Draconian Fire Elementalist)     Turns: 2104, Time: 00:07:19

Health: -1/26      AC:  9    Str: 10    XL:     3   Next: 53%
Magic:  5/6        EV: 12    Int: 17    God:
Gold:   30         SH:  0    Dex: 11    Spells: 3/6 levels left

rFire   . . .      SeeInvis .   g - +0 short sword
rCold   . . .      Faith    .   (no shield)
rNeg    . . .      Spirit   .   (body armour unavailable)
rPois   .          Reflect  .   (helmet restricted)
rElec   .          Harm     .   (no cloak)
rCorr   .          Rampage  .   (no gloves)
Will    .....                   (no boots)
Stlth   ++........              f - amulet of magic regeneration
HPRegen 0.08/turn               h - +4 ring of protection
MPRegen 0.50/turn               (no ring)

@: no status effects
A: AC +5, unfitting armour, cold-blooded
a: no special abilities


You were on level 1 of the Dungeon.
You visited 1 branch of the dungeon, and saw 2 of its levels.

You collected 69 gold pieces.
You spent 39 gold pieces at shops.

Inventory:

Hand Weapons
 g - a +0 short sword (weapon)
Missiles
 b - 7 stones (quivered)
Jewellery
 f - an amulet of magic regeneration (around neck)
 h - a +4 ring of protection (left hand)
Wands
 i - a wand of quicksilver (7)
Scrolls
 c - a scroll of poison {unknown}
 k - a scroll of identify {unknown}
Potions
 a - a potion of magic
 d - a potion of brilliance {unknown}
 e - 2 potions of curing
 j - a potion of degeneration {unknown}
 l - a potion of mutation {unknown}
 m - a potion of attraction {unknown}


   Skills:
 - Level 2.1 Dodging
 - Level 2.2 Stealth
 - Level 2.3 Spellcasting
 - Level 1.5 Conjurations
 + Level 3.6 Fire Magic


You had 3 spell levels left.
You knew the following spells:

 Your Spells              Type           Power      Damage    Failure   Level
a - Foxfire               Conj/Fire      40%        2x1d6     6%          1
b - Scorch                Fire           28%        2d6       6%          2

Your spell library contained the following spells:

 Spells                   Type           Power      Damage    Failure   Level
 Conjure Flame            Conj/Fire      10%        6-21      19%         3
 Inner Flame              Hex/Fire       8%         N/A       26%         3
 Frozen Ramparts          Ice            2%         1d1       50%         3
 Flame Wave               Conj/Fire      10%        2d6       54%         4
 Ice Form                 Ice/Tmut       1%         N/A       88%         4
 Summon Ice Beast         Ice/Summ       1%         N/A       88%         4


Dungeon Overview and Level Annotations

Branches:
Dungeon (2/15)

Altars:

Shops:
D:2 !


Innate Abilities, Weirdness & Mutations

Your plain brown scales are hard. (AC +5)
You cannot fit into any form of body armour.
You are cold-blooded and may be slowed by cold attacks.


Message History

The gnoll's fire resistance burns away.
You hit the gnoll.
The gnoll is heavily wounded.
The gnoll hits you but does no damage. The gnoll hits you with a +0 whip.
You closely miss the gnoll.
The gnoll is heavily wounded.
The gnoll completely misses you.
The gnoll barely misses you. x2; The gnoll hits you but does no damage.
You barely miss the gnoll.
The gnoll is heavily wounded.
The gnoll hits you with a +0 whip. x2
* * * LOW HITPOINT WARNING * * *
The gnoll is no longer more vulnerable to fire.
Your magical contamination has completely faded away.
You closely miss the gnoll. The gnoll hits you with a +0 whip.
* * * LOW HITPOINT WARNING * * *
You hit the gnoll but do no damage. The gnoll hits you with a +0 whip.
* * * LOW HITPOINT WARNING * * *
You open the door. The gnoll closely misses you.
There is an open door here.
There is an open door here.
The gnoll attacks as you move away! The gnoll hits you but does no damage.
There is a stone staircase leading down here.
The gnoll attacks as you move away! The gnoll hits you but does no damage.
You see here a +0 club.
The gnoll attacks as you move away! The gnoll hits you with a +0 whip.
* * * LOW HITPOINT WARNING * * *
The gnoll attacks as you move away! The gnoll hits you but does no damage.
There is a stone staircase leading up here.
The gnoll misses you.
You climb upwards.
There is a stone staircase leading down here.
Casting: Scorch (safe; 6% risk of failure)
Confirm with . or Enter, or press ? or * to list all spells.
Flames lash the gnoll.
The gnoll is heavily wounded.
The gnoll's fire resistance burns away.
The gnoll hits you but does no damage.
You barely miss the gnoll.
The gnoll is heavily wounded.
The gnoll hits you with a +0 whip.
You die...

▒ ▒.▒▒▒▒▒▒▒▒▒.▒▒▒ ▒
▒.▒▒..........▒ ▒▒▒.▒▒.▒▒▒▒▒.▒▒.▒
....▒▒.......▒▒.▒▒▒▒▒▒
....▒▒....▒▒.▒.......▒
....▒▒..▒.▒▒.▒.......▒▒
.......)..............▒▒
....▒▒▒.▒▒▒▒.▒.......▒.▒▒▒▒▒▒▒▒▒▒
........▒▒▒▒.▒..............▒▒...
...▒▒........▒........▒▒▒▒▒......
▒▒▒▒▒...▒▒▒▒▒▒..dg....▒ ▒▒▒▒...
▒...▒ ▒▒.▒▒.▒▒.▒ ▒▒..
▒...▒▒▒▒▒▒▒.▒▒.▒▒.▒ ▒▒▒
▒.................▒▒▒▒▒▒▒▒
▒▒▒▒▒...▒▒▒▒▒.▒.▒▒.▒▒.▒▒.....▒
..............▒.▒▒.▒▒.▒▒%....▒
...........................[.▒
..............▒.▒▒..▒.▒▒.....▒
▒▒▒▒▒...▒▒▒▒▒.▒.....▒.▒▒.....▒
▒▒▒.................▒▒▒▒▒▒▒▒
▒......▒▒▒▒.▒▒.▒▒.▒▒▒


You could see a gnoll (combustible).

Vanquished Creatures
  A gnoll (D:2)
  2 adders (D:2)
  A dart slug (D:2)
  2 giant cockroaches (D:2)
  5 goblins
  2 hobgoblins
  A quokka (D:1)
  3 ball pythons
  A kobold (D:1)
  4 rats
22 creatures vanquished.

Vanquished Creatures (others)
  10 foxfires
10 creatures vanquished.

Grand Total: 32 creatures vanquished

Notes
Turn   | Place    | Note
-------+----------+-------------------------------------------
     0 | D:1      | shmup the Draconian Fire Elementalist began the quest for
                  | the Orb.
     0 | D:1      | Reached XP level 1. HP: 14/14 MP: 3/3
  1009 | D:2      | Reached XP level 2. HP: 3/20 MP: 5/5
  1318 | D:2      | Found a faded altar of an unknown god.
  1374 | D:2      | Reached XP level 3. HP: 24/26 MP: 6/6
  1584 | D:2      | Learned a level 2 spell: Scorch
  1986 | D:2      | Found Oteihion's Distillery.
  2005 | D:2      | Bought a potion of curing for 39 gold pieces
  2104 | D:1      | Slain by a gnoll

Illustrated notes

Levels and vault maps discovered:
D:1:      grunt_arrival_lava_bath, layout_loops_cross, kennysheep_minor_cross,
          lemuel_flame_loot_1
D:2:      layout_loops_corners, nicolae_ecumenical_pavilion, serial_shops,
          shop_fountains

Skill      XL: |  1 |
---------------+----+-----
Dodging        | 2 |  2.1
Stealth        | 2 |  2.2
Spellcasting   | |  2.3
Conjurations   | |  1.5
Fire Magic     | |  3.6

Action                   || total
-------------------------++-------
Melee: Short sword       ||    60
       Unarmed           ||     6
       Tailslap          ||     5
       Dagger            ||     3
 Cast: Foxfire           ||     6
       Scorch            ||     8
 Stab: Sleeping          ||     1
Armor: Skin              ||    33
Dodge: Dodged            ||    46
